 Dungeon Crawl Stone Soup version 0.27-a0-998-g4cfe56dd59 (webtiles) character file.

Game seed: 5735292159754047570

203 jestyr24 the Magician (level 5, 0/35 HPs)
             Began as a Djinni Air Elementalist on Apr 17, 2021.
             Slain by an iguana (6 damage)
             ... on level 5 of the Dungeon.
             The game lasted 00:15:53 (4360 turns).

jestyr24 the Magician (Djinni Air Elementalist)     Turns: 4360, Time: 00:15:54

Health: 0/35       AC:  4    Str:  7    XL:     5   Next: 81%
Gold:   114        EV: 12    Int: 17    God:
                   SH:  0    Dex: 14

rFire    + + .     SeeInvis .   c - +0 short sword (flame)
rCold    x . .     Faith    .   (no shield)
rNeg     . . .     Spirit   .   a - +0 robe
rPois    ∞         Reflect  .   b - +0 helmet
rElec    .         Harm     .   (no cloak)
rCorr    .         Rampage  .   i - +0 pair of gloves
Will     .....                  (boots unavailable)
Stlth    ++........             (no amulet)
HPRegen  0.11/turn              (no ring)
MPRegen  0.00/turn              (no ring)

@: flying, very slightly contaminated
A: fire resistance 2, cold vulnerability 1, float, innate caster, hp casting,
extra vitality 1
a: no special abilities


You were on level 5 of the Dungeon.
You visited 1 branch of the dungeon, and saw 4 of its levels.

You collected 114 gold pieces.

Inventory:

Hand Weapons
 c - a +0 short sword of flaming (weapon)
 f - a +1 dagger of flaming
 n - a +1 dagger of draining
Armour
 a - a +0 robe (worn)
 b - a +0 helmet (worn)
 i - a +0 pair of gloves (worn)
Jewellery
 r - a ring of protection from cold
Wands
 p - a wand of flame (21)
Scrolls
 d - a scroll of noise {unknown}
 e - 2 scrolls of brand weapon {unknown}
 h - 2 scrolls of identify {unknown}
 j - a scroll of immolation {unknown}
 k - a scroll of enchant armour {unknown}
 m - 2 scrolls of teleportation {unknown}
Potions
 g - a potion of resistance {unknown}
 l - a potion of lignification {unknown}
 o - 3 potions of attraction {unknown}
 q - 2 potions of flight {unknown}


   Skills:
 + Level 0.1 Fighting
 + Level 2.7 Dodging
 + Level 2.5 Stealth
 + Level 4.8 Spellcasting


You couldn't memorise any spells.
You knew the following spells:

 Your Spells              Type           Power      Damage    Failure   Level
a - Shock                 Conj/Air       80%        1d8       1%          1
b - Static Discharge      Conj/Air       20%        N/A       3%          2
c - Swiftness             Air            20%        N/A       6%          3
d - Airstrike             Air            10%        N/A       21%         4
e - Lightning Bolt        Conj/Air       10%        1d23      50%         5
f - Pain                  Necr           80%        1d8       1%          1
g - Corpse Rot            Necr/Air       N/A        N/A       3%          2
Your spell library was empty.

Dungeon Overview and Level Annotations

Branches:
Dungeon (3/15)

Altars:
Elyvilon


Innate Abilities, Weirdness & Mutations

You are immune to poison.
Your flesh is very heat resistant. (rF++)
You are vulnerable to cold. (rC-)
You float through the air rather than walking.
You learn spells naturally, not from books.
Your magical power is your life essence.
You have superior vitality. (+4 HP)


Message History

You kill the quokka!
You start resting.
HP restored.
Found a whip.
Found a bubbling emerald potion.
q - 2 bubbling emerald potions (gained 1)
A hound comes into view.
Found a stone staircase leading down.
An iguana comes into view.
The zap hits the iguana.
The iguana is lightly wounded.
The iguana hisses angrily.
Something shouts, "Give up, thou yeasty clay-brained canker-blossom!"
The zap misses the iguana.
The zap hits the iguana.
The iguana is moderately wounded.
A shadow imp comes into view.
The zap misses the iguana.
The zap hits the iguana.
The iguana is heavily wounded.
You miscast Shock.
You are very lightly contaminated with residual magic.
Nothing appears to happen.
The iguana bites you.
The iguana hisses menacingly.
The zap hits the iguana.
The iguana is heavily wounded.
The zap hits the shadow imp.
The shadow imp is heavily wounded.
The iguana bites you but does no damage.
The zap hits the iguana but does no damage.
The iguana is heavily wounded.
The zap hits the shadow imp.
The shadow imp is almost dead.
The iguana closely misses you.
The zap misses the iguana.
The zap misses the shadow imp.
The iguana bites you! The shadow imp gestures at you.
Pain shoots through your body!
* * * LOW HITPOINT WARNING * * *
The iguana bites you.
You die...

.# .# ##.## .# #
#+ #.# .. ##.#
###.# #. #>..
..#.# ####...
..#.# .......##
#.#.# ##....5##
#.#.# #.....l.#
#.#.#
...#...#@###.#.#
.......#.......#
####.........###
###########


You could see an iguana and a shadow imp.

Vanquished Creatures
  A hound (D:5)
  A bullfrog skeleton (D:2)
  An adder (D:2)
  4 worms
  A dart slug (D:1)
  6 orcs (D:3)
  An endoplasm (D:1)
  2 giant cockroaches
  11 goblins
  4 hobgoblins
  6 jackals
  8 kobolds
  5 quokkas
  4 ball pythons
  4 bats
  2 frilled lizards
  9 rats
70 creatures vanquished.

Vanquished Creatures (collateral kills)
  A necrophage (D:5)
1 creature vanquished.

Vanquished Creatures (others)
  3 plants (D:1)
3 creatures vanquished.

Grand Total: 74 creatures vanquished

Notes
Turn   | Place    | Note
-------+----------+-------------------------------------------
     0 | D:1      | jestyr24 the Djinni Air Elementalist began the quest for
                  | the Orb.
     0 | D:1      | Reached XP level 1. HP: 15/15 MP: 0/0
   236 | D:1      | Reached skill level 3 in Spellcasting
   236 | D:1      | Reached XP level 2. HP: 19/21 MP: 0/0
  1058 | D:1      | Reached XP level 3. HP: 17/25 MP: 0/0
  1058 | D:1      | Learned a level 1 spell: Pain
  2312 | D:2      | Reached XP level 4. HP: 30/31 MP: 0/0
  2509 | D:2      | Reached skill level 4 in Spellcasting
  3566 | D:3      | Reached XP level 5. HP: 31/35 MP: 0/0
  3566 | D:3      | Learned a level 2 spell: Corpse Rot
  3713 | D:3      | Found a white marble altar of Elyvilon.
  3928 | D:3      | You are sucked into a shaft and drop 2 floors!
  3928 | D:5      | Entered Level 5 of the Dungeon
  3940 | D:5      | Noticed a necrophage
  3985 | D:5      | Killed a necrophage
  4360 | D:5      | Slain by an iguana

Illustrated notes

Levels and vault maps discovered:
D:1:      roderic_crop_circles_arrival_small, layout_loops_ring
D:2:      layout_basic
D:3:      layout_basic, nicolae_overflow_crystal_walls
D:5:      layout_loops_corners, gammafunk_ghost_grave, nrook_uturn, uniq_pikel

Skill      XL: |  1  2  3  4 |
---------------+-------------+-----
Spellcasting   | 3 4 |  4.8
Stealth        | 2 |  2.5
Fighting       | |  0.1
Dodging        | |  2.7

Action                   |  1- 3 |  4- 6 || total
-------------------------+-------+-------++-------
Melee: Unarmed           |     3 |       ||     3
       Short sword       |     1 |     1 ||     2
 Cast: Shock             |    66 |    95 ||   161
       Static Discharge  |     2 |     6 ||     8
       Swiftness         |       |     1 ||     1
  Use: Scroll            |       |     1 ||     1
 Stab: Sleeping          |     1 |       ||     1
Armor: Robe              |     5 |     8 ||    13
Dodge: Dodged            |     8 |    17 ||    25

Table legend: (Time is in decaauts)
 A = Elapsed time spent in this place.
 B = Non-inter-level travel time spent in this place.
 C = Inter-level travel time spent in this place.
 D = Time resting spent in this place.
 E = Time spent auto-exploring this place.
 F = Levels seen in this place.
 G = Mean time per level.
                   A        B        C        D        E       F      G
               +--------+--------+--------+--------+--------+-----+--------+
         Total |   4358 |   4226 |    132 |   1668 |   2005 |   4 | 1089.5 |
       Dungeon |   4358 |   4226 |    132 |   1668 |   2005 |   4 | 1089.5 |
               +--------+--------+--------+--------+--------+-----+--------+

Top non-repeatable levels by time:
     D:1: 1822 daAuts
     D:2: 1156 daAuts
     D:3: 947 daAuts
     D:5: 431 daAuts
